 Dungeon Crawl Stone Soup version 0.26.0-16-gc1dbca0489 (webtiles) character file.

Game seed: 3584095389895280450

84 iamoutofideas the Chiller (level 4, 0/30 HPs)
             Began as a Demonspawn Ice Elementalist on Jan 20, 2021.
             Slain by an orc wizard
             ... wielding a +0 dagger
              (2 damage)
             ... on level 3 of the Dungeon.
             The game lasted 00:07:50 (3725 turns).

iamoutofideas the Chiller (DsIE)                    Turns: 3725, Time: 00:07:51

Health: 0/30       AC:  3    Str:  8    XL:     4   Next: 24%
Magic:  0/8        EV: 12    Int: 17    God:
Gold:   172        SH:  0    Dex: 14    Spells: 2/9 levels left

rFire    + . .     SeeInvis .   h - +0 dagger
rCold    + . .     Faith    .   (no shield)
rNeg     . . .     Spirit   .   a - +0 robe
rPois    +         Reflect  .   (no helmet)
rElec    +         Harm     .   g - +0 cloak
rCorr    +         Rampage  .   (no gloves)
Will     .....                  (no boots)
Stlth    ++........             (no amulet)
HPRegen  0.10/turn              (no ring)
MPRegen  0.11/turn              (no ring)

@: resistant, attractive, hasted, very quick
A: powered by pain 1
a: no special abilities


You were on level 3 of the Dungeon.
You visited 1 branch of the dungeon, and saw 3 of its levels.

You collected 172 gold pieces.

Inventory:

Hand Weapons
 h - a +0 dagger (weapon)
Armour
 a - a +0 robe (worn)
 g - a +0 cloak (worn)
Wands
 n - a wand of paralysis (10)
Scrolls
 c - a scroll of remove curse {unknown}
 d - 2 scrolls of identify {unknown}
 e - a scroll of amnesia {unknown}
 i - 3 scrolls of blinking {unknown}
 k - a scroll of random uselessness {unknown}
 m - a scroll of teleportation


   Skills:
 + Level 1.8 Dodging
 - Level 1.7 Stealth
 + Level 3.0 Spellcasting
 + Level 4.7 Ice Magic


You had 2 spell levels left.
You knew the following spells:

 Your Spells              Type           Power        Failure   Level
a - Freeze                Ice            72%          2%          1
b - Frozen Ramparts       Ice            36%          8%          3
c - Ozocubu's Armour      Ice            18%          8%          3

Your spell library contained the following spells:

 Spells                   Type           Power        Failure   Level
 Hailstorm                Conj/Ice       10%          54%         4
 Summon Ice Beast         Ice/Summ       10%          54%         4


Dungeon Overview and Level Annotations

Branches:
Dungeon (3/15)

Altars:
Trog
Uskayaw
Yredelemnul
The Shining One


Innate Abilities, Weirdness & Mutations

You sometimes gain a little power by taking damage.


Message History

* * * LOW HITPOINT WARNING * * *
You hit something but do no damage. Something hits you but does no damage.
Casting: Freeze (safe; 2% risk of failure)
Confirm with . or Enter, or press ? or * to list all spells.
Aiming: Freeze (safe; 2% risk of failure)
Press: ? - help, Shift-Dir - straight line You freeze something.
Unknown command.
You closely miss something. Something barely misses you.
You feel as though your hastened speed will last longer.
Something hits you.
* * * LOW HITPOINT WARNING * * *
Okay, then.
Okay, then.
Evoke which item? (* to show all) (? for menu, Esc to quit)
Aiming: Paralyse
Press: ? - help, Shift-Dir - straight line Nothing appears to happen.
You hit something but do no damage. Something hits you.
You die...

.............##.....## ####.#
#...#...#.).####...## #.#
..............###+## #.#
#...#...#...#.###.# #.#
...............##.# #.#
##############.##.## #.#
#.........#.#...## #.#
####.#.##.#.{....##########.#
#o #...)@..............# #.
###.##.############## #.
...#### ## #####


There were no monsters in sight!

Vanquished Creatures
  2 adders
  2 leopard geckos (D:1)
  3 orcs (D:3)
  5 giant cockroaches
  6 goblins
  13 hobgoblins
  2 jackals (D:3)
  9 kobolds
  A quokka (D:3)
  4 bats
  2 frilled lizards (D:1)
  7 rats
56 creatures vanquished.

Notes
Turn   | Place    | Note
-------+----------+-------------------------------------------
     0 | D:1      | iamoutofideas the Demonspawn Ice Elementalist began the
                  | quest for the Orb.
     0 | D:1      | Reached XP level 1. HP: 13/13 MP: 3/3
   613 | D:1      | Reached skill level 4 in Ice Magic
   613 | D:1      | Gained mutation: You sometimes gain a little power by
                  | taking damage. [demonic ancestry]
   613 | D:1      | Reached XP level 2. HP: 15/19 MP: 3/5
  1524 | D:2      | Reached XP level 3. HP: 24/24 MP: 4/6
  1753 | D:2      | Found a basalt altar of Yredelemnul.
  1753 | D:2      | Noticed a profane servitor
  1778 | D:2      | Found a glowing golden altar of the Shining One.
  1780 | D:2      | Noticed an angel
  2068 | D:2      | Learned a level 3 spell: Frozen Ramparts
  3060 | D:3      | Learned a level 3 spell: Ozocubu's Armour
  3180 | D:3      | Found a bloodstained altar of Trog.
  3202 | D:3      | Reached XP level 4. HP: 27/30 MP: 1/8
  3646 | D:3      | Found a hide-covered altar of Uskayaw.
  3725 | D:3      | Slain by an orc wizard

Illustrated notes

Levels and vault maps discovered:
D:1:      dpeg_arrival_oval, layout_loops_corners, minmay_pentomino_w2
D:2:      layout_basic, grunt_temple_overflow_holy_war, serial_glass,
          glass_columns_c, glass_columns_a, feat_on_display, item_on_display_a,
          feat_on_display, minmay_puff
D:3:      layout_loops_corners, lemuel_coloured_pillars_altar,
          chequers_serial_rivers_small_a, minmay_misc_feat_pillars,
          trog_hazing_becter

Skill      XL: |  1  2  3  4 |
---------------+-------------+-----
Ice Magic      | 4 |  4.7
Spellcasting   | 3 |  3.0
Dodging        | |  1.8
Stealth        | |  1.7

Action                   |  1- 3 |  4- 6 || total
-------------------------+-------+-------++-------
Melee: Unarmed           |     6 |       ||     6
       Dagger            |    20 |    15 ||    35
 Cast: Freeze            |    62 |    13 ||    75
       Frozen Ramparts   |     2 |     2 ||     4
Evoke: Wand              |       |     2 ||     2
  Use: Scroll            |     1 |       ||     1
       Potion            |       |     7 ||     7
 Stab: Sleeping          |     2 |       ||     2
Armor: Robe              |    12 |    10 ||    22
Dodge: Dodged            |    48 |    27 ||    75
